 Dungeon Crawl Stone Soup version 0.26.0-16-gc1dbca0489 (webtiles) character file.

Game seed: 17815302283015206496

37 112233 the Caller (level 3, -2/22 HPs)
             Began as an Octopode Summoner on Jan 21, 2021.
             Slain by a bullfrog (6 damage)
             ... on level 3 of the Dungeon.
             The game lasted 00:02:06 (3438 turns).

112233 the Caller (Octopode Summoner)               Turns: 3438, Time: 00:02:06

Health: -2/22      AC:  1    Str:  7    XL:     3   Next: 39%
Magic:  1/7        EV: 13    Int: 18    God:
Gold:   160        SH:  0    Dex: 12    Spells: 4/7 levels left

rFire    . . .     SeeInvis .   c - +0 dagger
rCold    . . .     Faith    .   (no shield)
rNeg     . . .     Spirit   .   (helmet restricted)
rPois    .         Reflect  .   (no amulet)
rElec    .         Harm     .   (no ring)
rCorr    .         Rampage  .   (no ring)
Will     .....                  (no ring)
Stlth    +++.......             (no ring)
HPRegen  0.07/turn              (no ring)
MPRegen  0.10/turn              (no ring)
                                (no ring)
                                (no ring)

@: brilliant, lethally poisoned (-2 -> -4)
A: almost no armour, stealthy swim, amphibious, 8 rings, constrict 8, camouflage
1, gelatinous body 1
a: no special abilities


You were on level 3 of the Dungeon.
You visited 1 branch of the dungeon, and saw 3 of its levels.

You collected 160 gold pieces.

Inventory:

Hand Weapons
 c - a +0 dagger (weapon)
Missiles
 e - 10 poisoned darts
Jewellery
 d - an uncursed ring of fire
Scrolls
 a - 10 scrolls of identify {unknown}
 b - 5 scrolls of remove curse {unknown}
 g - a scroll of amnesia {unknown}
 h - a scroll of immolation {unknown}
 l - 2 scrolls of teleportation {unknown}
 m - a scroll of random uselessness {unknown}
Potions
 i - a potion of resistance {unknown}
 j - a potion of ambrosia {unknown}
 k - a potion of degeneration {unknown}
 n - a potion of magic {unknown}
 o - a potion of curing {unknown}


   Skills:
 + Level 0.9 Fighting
 + Level 2.4 Dodging
 - Level 2.6 Stealth
 * Level 2.6 Spellcasting
 + Level 4.2 Summonings


You had 4 spell levels left.
You knew the following spells:

 Your Spells              Type           Power        Failure   Level
a - Summon Small Mammal   Summ           100%         3%          1
b - Call Imp              Summ           26%          4%          2

Your spell library contained the following spells:

 Spells                   Type           Power        Failure   Level
 Call Canine Familiar     Summ           26%          9%          3
 Summon Guardian Golem    Hex/Summ       15%          22%         3
 Summon Ice Beast         Ice/Summ       15%          56%         4
 Summon Lightning Spire   Summ/Air       15%          56%         4


Dungeon Overview and Level Annotations

Branches:
Dungeon (3/15)

Altars:
Elyvilon


Innate Abilities, Weirdness & Mutations

You cannot wear most types of armour.
You are very stealthy in the water. (Stealth+)
You are amphibious.
You can wear up to eight rings at the same time.
You can use your tentacles to constrict eight enemies at once.
Your skin changes colour to match your surroundings (Stealth+).
Your rubbery body absorbs attacks. (AC +1, EV +1)


Message History

Your quokka dies!
Your quokka's corpse disappears in a puff of smoke!
You feel sick. The bullfrog hits you.
Casting: Summon Small Mammal (safe; 3% risk of failure)
The bullfrog hits you.
* * * LOW HITPOINT WARNING * * *
The bullfrog completely misses you.
Your crimson imp hits the adder.
The bullfrog hits you.
* * * LOW HITPOINT WARNING * * *
Your crimson imp hits the adder.
You feel sick. The bullfrog hits your rat!
Your rat dies!
Your rat's corpse disappears in a puff of smoke!
There is a stone staircase leading down here.
It was a potion of brilliance.
You feel clever all of a sudden. The bullfrog completely misses you.
Your crimson imp blinks!
The bullfrog hits you.
You die...

#.........#
#.........#
#.........#
#.........#
#.^..5....#
#....5<5..#
......#.#.##
#######.#.#######
...)......ยง.5SF@#
.########.#.#####
#.#.# #.#.# #.#.#
..#.# ..#.# .##.#


You could see a bullfrog, an adder and a friendly crimson imp (summoned).

Vanquished Creatures
  A worm (D:2)
  A bat (D:2)
  3 goblins
  3 hobgoblins
  A frilled lizard (D:1)
  A kobold (D:1)
  A rat (D:1)
11 creatures vanquished.

Vanquished Creatures (collateral kills)
  A dart slug (D:1)
  4 bats
  2 giant cockroaches
  3 goblins (D:1)
  4 hobgoblins
  6 jackals (D:2)
  5 kobolds
25 creatures vanquished.

Grand Total: 36 creatures vanquished

Notes
Turn   | Place    | Note
-------+----------+-------------------------------------------
     0 | D:1      | 112233 the Octopode Summoner began the quest for the Orb.
     0 | D:1      | Reached XP level 1. HP: 11/11 MP: 3/3
   632 | D:1      | Reached XP level 2. HP: 2/17 MP: 0/5
   916 | D:1      | Learned a level 2 spell: Call Imp
  2369 | D:2      | Reached XP level 3. HP: 22/22 MP: 6/6
  2369 | D:2      | Found a white marble altar of Elyvilon.
  3416 | D:3      | Noticed a bullfrog
  3438 | D:3      | Slain by a bullfrog

Illustrated notes

Levels and vault maps discovered:
D:1:      minmay_arrival_three_doors, layout_basic, minmay_hexomino_f4
D:2:      layout_loops_ring, grunt_decor_mini_mirrors, kennysheep_small_spiral,
          elyvilon_altar_1
D:3:      layout_basic, nemelex_dance_club_becter

Action                   || total
-------------------------++-------
Melee: Unarmed           ||     9
       Constrict         ||    13
       Dagger            ||    52
       Tentacles         ||     9
 Cast: Summon Small Mamm ||    19
       Call Imp          ||    28
  Use: Potion            ||     1
 Stab: Sleeping          ||     2
Armor: Skin              ||    11
Dodge: Dodged            ||    81
